 Dungeon Crawl Stone Soup version 0.28.0-43-g3370ac3207 (webtiles) character file.

Game seed: 10174231157789790695

58545 pkoi the Cleaver (level 14, -3/119 HPs)
             Began as a Demigod Gladiator on Mar 28, 2022.
             Slain by a death yak (15 damage)
             ... on level 6 of the Lair of Beasts.
             The game lasted 00:34:52 (31965 turns).

pkoi the Cleaver (Demigod Gladiator)               Turns: 31965, Time: 00:34:52

Health: -3/119     AC: 11    Str: 19    XL:     14   Next: 15%
Magic:  0/22       EV: 22    Int: 18    God:
Gold:   1014       SH:  0    Dex: 19    Spells: 10/19 levels left

rFire   . . .      SeeInvis .   e - +8 mithril axe "Arga" {speed, Will+}
rCold   . . .      Faith    .   (no shield)
rNeg    . . .      Spirit   +   I - +0 leather armour {Will+}
rPois   .          Reflect  .   t - +2 hat
rElec   .          Harm     .   i - +0 cloak
rCorr   .          Rampage  .   d - +1 pair of gloves
Will    +++..                   p - +1 pair of boots
Stlth   +.........              x - amulet of guardian spirit
HPRegen 0.29/turn               G - +4 ring of evasion
MPRegen 0.18/turn               (no ring)

@: about to teleport
A: high MP 1, forlorn, divine attributes
a: no special abilities


You were on level 6 of the Lair of Beasts.
You visited 2 branches of the dungeon, and saw 17 of its levels.

You collected 1014 gold pieces.

Inventory:

Hand Weapons
 e - the +8 mithril axe "Arga" (weapon) {speed, Will+}
   (You acquired it on level 3 of the Dungeon)

   Attacks with this weapon are significantly faster.
   Will:      It increases your willpower.
 r - a +0 dagger of venom
Missiles
 c - 3 throwing nets (quivered)
Armour
 d - a +1 pair of gloves (worn)
 i - a +0 cloak (worn)
 p - a +1 pair of boots (worn)
 t - a +2 hat (worn)
 I - a +0 leather armour of willpower (worn)
Jewellery
 x - an amulet of guardian spirit (around neck)
 G - a +4 ring of evasion (left hand)
Wands
 b - a wand of mindburst (10)
 g - a wand of polymorph (2)
 s - a wand of digging (2)
 y - a wand of paralysis (15)
 A - a wand of charming (6)
 E - a wand of flame (9)
Scrolls
 f - 9 scrolls of teleportation
 h - 3 scrolls of identify
 m - 2 scrolls of enchant weapon
 n - a scroll of enchant armour
 q - a scroll of brand weapon
 u - 4 scrolls of amnesia
 v - 2 scrolls of fog
 w - a scroll of magic mapping
 z - a scroll of fear
 F - a scroll of holy word {unknown}
 H - 2 scrolls of blinking {unknown}
Potions
 j - 2 potions of invisibility
 k - 10 potions of ambrosia
 l - 5 potions of heal wounds
 o - 7 potions of curing
 B - a potion of lignification
 C - 3 potions of flight
 D - a potion of resistance {unknown}


   Skills:
 + Level 9.8 Fighting
 * Level 13.4 Axes
 - Level 1.7 Throwing
 - Level 6.1 Armour
 + Level 10.0 Dodging
 - Level 5.0 Unarmed Combat
 + Level 3.3 Spellcasting
 + Level 3.6 Summonings
 + Level 1.5 Translocations
 + Level 1.5 Ice Magic
 + Level 3.6 Air Magic
 + Level 10.2 Evocations


You had 10 spell levels left.
You knew the following spells:

 Your Spells              Type           Power      Damage    Failure   Level
a - Summon Lightning Spi  Summ/Air       16%        N/A       38%         4
b - Apportation           Tloc           16%        N/A       10%         1
c - Summon Ice Beast      Ice/Summ       12%        N/A       52%         4

Your spell library contained the following spells:

 Spells                   Type           Power      Damage    Failure   Level
 Summon Small Mammal      Summ           64%        N/A       4%          1
 Animate Skeleton         Necr           4%         N/A       19%         1
 Magic Dart               Conj           8%         1d3       19%         1
 Searing Ray              Conj           4%         2d4       28%         2
 Sublimation of Blood     Necr           2%         N/A       28%         2
 Wereblood                Tmut           2%         N/A       28%         2
 Gell's Gravitas          Tloc           8%         N/A       28%         3
 Teleport Other           Tloc           8%         N/A       28%         3
 Dazzling Flash           Conj/Hex       4%         N/A       50%         3
 Inner Flame              Hex/Fire       2%         N/A       50%         3
 Cause Fear               Hex            1%         N/A       88%         4
 Fulminant Prism          Conj/Hex       1%         3d6       88%         4
 Silence                  Hex/Air        4%         N/A       94%         5
 Agony                    Necr           2%         N/A       99%         5
 Dispersal                Tloc           4%         N/A       100%        6
 Storm Form               Tmut/Air       4%         N/A       100%        7
 Summon Hydra             Summ           8%         N/A       100%        7
 Discord                  Hex            1%         N/A       100%        8
 Maxwell's Capacitive Co  Air            8%         ∞         100%        8
 Polar Vortex             Ice            4%         N/A       100%        9


Dungeon Overview and Level Annotations

Branches:
Dungeon (11/15)            Temple (0/1) D:5            Lair (6/6) D:9
  Swamp (0/4) Lair:2        Snake (0/4) Lair:2        Slime (0/5) Lair:6
    Orc: D:9-12

Shops:
D:3 (

Portals:
Trove: D:10 (give 2 scrolls of acquirement)

Annotations:
Lair:1 1 runed translucent door, DemonSlayer's ghost, novice DsWz


Innate Abilities, Weirdness & Mutations

You have an increased reservoir of magic. (+10% MP)
You shall have no god before yourself.
Your divine heritage dramatically boosts your attributes as you level up.


Message History

You slash the elephant! You hit the death yak.
The death yak completely misses you.
Unknown command.
You slash the death yak!
The death yak is moderately wounded.
You slash the elephant! You slash the death yak! The elephant tramples you!
* * * LOW HITPOINT WARNING * * *
You hold your ground!
The elephant trunk-slaps you but does no damage.
The death yak gores you!!
* * * LOW HITPOINT WARNING * * *
You slice the death yak!!
The death yak is heavily wounded.
You hit the elephant. You slash the death yak! The death yak gores you.
* * * LOW HITPOINT WARNING * * *
The elephant closely misses you. The elephant completely misses you.
Unknown command.
You slash the elephant!
The elephant is severely wounded.
You slash the death yak! x2; The death yak completely misses you.
You slice the elephant!!
You kill the elephant!
You slash the death yak! x2
You kill the death yak!
The death yak gores you!
* * * LOW HITPOINT WARNING * * *
You hit the death yak.
The death yak is severely wounded.
You hit the death yak but do no damage.
You punch the death yak, but do no damage.
The death yak is severely wounded.
The death yak gores you!
* * * LOW HITPOINT WARNING * * *
Aiming: Paralyse
Press: ? - help, Shift-Dir - straight line, f - death yak
Aim: a death yak (severely wounded, chance to affect: 10%)
Okay, then.
As you read the scroll of teleportation, it crumbles to dust.
You feel strangely unstable. The death yak gores you!!
You die...

##.#....### ### #.......###. #
####.....###.#### #...##.. ###
##....##.....# #††.#... #.####
##...##.....#####.†##... ...#.##
##..##.....#.#....###.P
..#...#######..#.....#.....## ##.
......#..##..#.##.........## ##
######..##.###.##...#.#....# #
#######...####..@Y#.......##
#...# #..## #.#..#...#...## #.>.#
#...# ####...####### #.._# #.###
#....### ### #
###.###..########(...# #####.####
###'##.....#..#....#####.....#..#
.|...............................
.......#.........................
####..#.#.(#.#...................


You could see a death yak.

Vanquished Creatures
  A boulder beetle (D:11)
  7 hydras
  Erica (Lair:1)
  A catoblepas (Lair:4)
  10 death yaks
  Nergalle (Lair:1)
  A lindwurm (Lair:6)
  A bog body (Lair:2)
  A necromancer (Lair:2)
  An oklob plant (Lair:3)
  2 manticores
  16 elephants
  2 cyclopes
  4 black mambas
  3 centaur zombies
  12 cane toads
  A torpor snail (Lair:5)
  8 komodo dragons
  5 rime drakes
  A queen bee (Lair:3)
  22 blink frogs
  A polar bear (Lair:5)
  10 dream sheep
  A vampire (D:9)
  59 yaks
  6 basilisks
  18 wyverns
  A steam dragon (Lair:3)
  Menkaure (D:4)
  3 wargs
  2 acid dragons
  23 water moccasins
  3 orc warriors
  3 necrophages
  2 black bears
  4 boggarts (Lair:5)
  A sky beast (D:7)
  9 wolves
  8 centaurs
  4 ogres
  A kobold brigand (D:8)
  3 phantoms (D:6)
  Blork the orc (D:5)
  15 bullfrogs
  2 gnoll sergeants
  2 scorpions
  2 water moccasin skeletons
  31 killer bees
  14 wights
  8 orc priests
  A bullfrog skeleton (D:5)
  2 hounds
  A jelly (D:4)
  A gnoll shaman (D:8)
  A centaur skeleton (D:7)
  2 iguanas
  6 orc wizards
  Natasha (D:2)
  13 hell rats
  4 polar bear simulacra (Lair:2)
  A wolf simulacrum (Lair:2)
  5 yak simulacra (Lair:2)
  13 gnolls
  3 adders
  2 white imps (D:6)
  2 ufetubi
  An adder skeleton (D:5)
  A worm (D:3)
  3 dart slugs
  24 orcs
  5 endoplasms
  4 giant cockroaches
  6 goblins
  14 hobgoblins
  3 jackals (D:1)
  3 quokkas
  6 ball pythons
  4 bats
  3 frilled lizards
  8 kobolds
  6 rats
  A river rat simulacrum (Lair:2)
489 creatures vanquished.

Vanquished Creatures (others)
  A bush (Lair:1)
  34 fungi
  72 plants
107 creatures vanquished.

Grand Total: 596 creatures vanquished

Notes
Turn   | Place    | Note
-------+----------+-------------------------------------------
     0 | D:1      | pkoi the Demigod Gladiator began the quest for the Orb.
     0 | D:1      | Reached XP level 1. HP: 17/17 MP: 3/3
   580 | D:1      | Reached XP level 2. HP: 22/24 MP: 4/4
  1071 | D:1      | Reached XP level 3. HP: 29/29 MP: 5/5
  2230 | D:3      | Noticed Natasha
  2257 | D:2      | Killed Natasha
  2606 | D:2      | Reached XP level 4. HP: 19/36 MP: 6/6
  2985 | D:3      | Found Voem's Antique Weapon Boutique.
  3084 | D:3      | Identified a scroll of acquirement
  3084 | D:3      | Acquired the +8 mithril axe "Arga" {speed, Will+}
  3084 | D:3      | Found the +8 mithril axe "Arga" {speed, Will+}
  3451 | D:4      | Reached skill level 1 in Axes
  3451 | D:4      | Reached skill level 5 in Unarmed Combat
  3548 | D:4      | Reached XP level 5. HP: 27/41 MP: 7/7
  4120 | D:4      | Noticed a centaur
  4133 | D:4      | Killed a centaur
  4134 | D:4      | Reached skill level 2 in Axes
  4134 | D:4      | Reached skill level 1 in Armour
  4516 | D:4      | Noticed Menkaure
  4524 | D:4      | Killed Menkaure
  4525 | D:4      | Reached XP level 6. HP: 14/50 MP: 8/8
  5097 | D:5      | Entered Level 5 of the Dungeon
  5135 | D:5      | Reached skill level 3 in Axes
  5150 | D:5      | Noticed Blork the orc
  5161 | D:5      | Killed Blork the orc
  5300 | D:5      | Reached XP level 7. HP: 42/57 MP: 9/9
  5527 | D:5      | Reached skill level 4 in Axes
  5818 | D:5      | Found a staircase to the Ecumenical Temple.
  6594 | D:6      | Reached XP level 8. HP: 62/66 MP: 10/10
  6602 | D:6      | Reached skill level 5 in Axes
  6627 | D:6      | You fall into a shaft and drop 1 floor!
  7067 | D:6      | Reached skill level 6 in Axes
  7067 | D:6      | Reached skill level 5 in Dodging
  7325 | D:6      | Got the Papyrus of the Frostbite
  7850 | D:6      | Reached skill level 5 in Fighting
  7900 | D:6      | Reached XP level 9. HP: 71/74 MP: 11/11
  8201 | D:7      | Learned a level 4 spell: Summon Lightning Spire
  9226 | D:7      | Reached skill level 1 in Summonings
  9226 | D:7      | Reached skill level 1 in Air Magic
  9312 | D:7      | Reached skill level 7 in Axes
  9359 | D:7      | Reached skill level 1 in Spellcasting
 11148 | D:8      | Reached skill level 5 in Armour
 12376 | D:9      | Reached XP level 10. HP: 83/83 MP: 16/16
 12714 | D:9      | Found a staircase to the Lair.
 13273 | D:9      | Reached skill level 8 in Axes
 13391 | D:10     | Entered Level 10 of the Dungeon
 13688 | D:10     | Noticed a cyclops
 13844 | D:10     | Learned a level 1 spell: Apportation
 13849 | D:10     | Learned a level 4 spell: Summon Ice Beast
 13974 | D:10     | Killed a cyclops
 14225 | D:10     | Found a portal to a secret trove of treasure.
 14292 | D:11     | Reached skill level 1 in Evocations
 14319 | D:11     | Noticed a cyclops
 14332 | D:11     | Killed a cyclops
 14463 | D:11     | Noticed a manticore
 14468 | D:11     | Killed a manticore
 14718 | D:11     | Noticed a boulder beetle
 14744 | D:11     | Killed a boulder beetle
 15314 | Lair:1   | Entered Level 1 of the Lair of Beasts
 15530 | D:9      | Reached skill level 9 in Axes
 15789 | D:9      | Reached XP level 11. HP: 68/91 MP: 13/18
 15947 | Lair:1   | Noticed a five-headed hydra
 16012 | Lair:1   | Killed an eight-headed hydra
 16255 | Lair:1   | Noticed Erica
 16314 | Lair:1   | Killed Erica
 16491 | D:9      | HP: 4/92 [poisoned by a cane toad]
 17321 | Lair:1   | Found a runed translucent door.
 17395 | Lair:1   | Reached skill level 10 in Axes
 17981 | Lair:1   | Noticed Nergalle
 17998 | Lair:1   | Killed Nergalle
 17999 | Lair:1   | Reached skill level 5 in Evocations
 18497 | Lair:1   | Noticed DemonSlayer's ghost (novice DsWz)
 18981 | Lair:2   | Found a staircase to the Snake Pit.
 19278 | Lair:2   | Noticed a six-headed hydra
 19286 | Lair:2   | Killed a six-headed hydra
 19296 | Lair:2   | Reached XP level 12. HP: 45/101 MP: 8/19
 19997 | Lair:2   | Found a staircase to the Swamp.
 20364 | Lair:2   | Reached skill level 11 in Axes
 21907 | Lair:3   | Identified the +7 mace of Defenestration {protect, *Corrode
                  | rF+++ Str-2 Dex+6}
 23199 | Lair:4   | HP: 4/103 [yak (8)]
 24534 | Lair:4   | Noticed a seven-headed hydra
 24545 | Lair:4   | Killed a nine-headed hydra
 24546 | Lair:4   | Reached skill level 12 in Axes
 24904 | Lair:4   | Reached XP level 13. HP: 110/110 MP: 20/20
 29458 | Lair:5   | Reached skill level 13 in Axes
 29823 | Lair:6   | Entered Level 6 of the Lair of Beasts
 30181 | Lair:5   | Reached skill level 10 in Evocations
 31076 | Lair:6   | Reached XP level 14. HP: 110/119 MP: 20/22
 31078 | Lair:6   | Reached skill level 1 in Translocations
 31078 | Lair:6   | Reached skill level 1 in Ice Magic
 31090 | Lair:6   | Reached skill level 10 in Dodging
 31873 | Lair:6   | Found a staircase to the Slime Pits.
 31965 | Lair:6   | Slain by a death yak

Illustrated notes

Levels and vault maps discovered:
D:1:      roderic_chinese_lattice_arrival, layout_basic,
          hellmonk_ecumenical_altar_run_dry
D:2:      layout_loops_corners
D:3:      layout_loops_ring, nicolae_hepliaklqana_hazy_memory, serial_shops,
          nicolae_shop_behind_doors, grunt_decor_cap, uniq_natasha
D:4:      layout_loops_ring, overflow_temple_1_default,
          mainiacjoe_overflow_chevrons, uniq_menkaure
D:5:      layout_gridville, mainiacjoe_overflow_catwalk, kennysheep_mini,
          minmay_temple_entry_tees, uniq_blork_the_orc
D:6:      layout_gridville, overflow_temple_1_default,
          lemuel_coloured_pillars_altar, chequers_mini_garden
D:7:      layout_basic, chequers_serial_rivers_small_b
D:8:      nicolae_cairo_tiling, layout_basic, overflow_temple_1_default,
          serial_curves, eino_curves_03, eino_curves_02
D:9:      layout_roguey, erik_lair_orcish_takeover, grunt_decor_mini_mirrors
D:10:     layout_rooms, okawaru_trees_1, enter_trove_1
D:11:     layout_gridville
Lair:1:   layout_chaotic_city, ebering_ghost_reflecting_pool,
          grunt_megastairs_4, uniq_erica, uniq_nergalle
Lair:2:   layout_hall_layers, skrybe_swamp_entry_bodies,
          minmay_snake_entry_six_corridors, nicolae_volcano_entry_two_sided,
          eino_house_with_fridge
Lair:3:   layout_roguey, special_room [special_room_bee], minmay_holes
Lair:4:   layout_layer_cave, kennysheep_catoblepas_arena, grunt_megastairs_3,
          lemuel_fruit_tree
Lair:5:   layout_hall_layers, kilobyte_rumbling_trees, grunt_megastairs_1
Lair:6:   hangedman_lair_in_review, layout_concentric_octagons,
          dpeg_slime_entry_enclosed_altar, special_room
          [special_room_mythical_zoo]

Skill      XL: |  1  2  3  4  5  6  7  8  9 10 11 12 13 14 |
---------------+-------------------------------------------+-----
Unarmed Combat | 3 4 5 |  5.0
Fighting       | 2 3 4 5 6 7 8 9 |  9.8
Axes           | 1 2 3 4 6 7 9 10 12 13 | 13.4
Armour         | 1 2 3 4 5 6 |  6.1
Dodging        | 3 4 5 6 8 9 10 | 10.0
Summonings     | 2 3 |  3.6
Air Magic      | 2 3 |  3.6
Spellcasting   | 2 3 |  3.3
Evocations     | 2 5 8 10 | 10.2
Translocations | 1 |  1.5
Ice Magic      | 1 |  1.5
Throwing       | |  1.7

Action                   |  1- 3 |  4- 6 |  7- 9 | 10-12 | 13-15 || total
-------------------------+-------+-------+-------+-------+-------++-------
Melee: Unarmed           |   175 |    18 |       |       |       ||   193
       Punch             |     4 |       |    10 |    27 |    33 ||    74
       Broad axe         |       |    69 |   266 |   715 |   511 ||  1561
Evoke: Wand              |       |       |       |    21 |    15 ||    36
  Use: Scroll            |       |    12 |     1 |     6 |     1 ||    20
       Potion            |       |       |     1 |     7 |       ||     8
 Stab: Sleeping          |     1 |     2 |     2 |     3 |       ||     8
       Paralysed         |       |       |       |       |     5 ||     5
       Petrified         |       |       |       |       |     2 ||     2
Armor: Leather armour    |    66 |    21 |    66 |   185 |    86 ||   424
Dodge: Dodged            |   114 |    58 |   188 |   495 |   433 ||  1288
